 Dungeon Crawl Stone Soup version 0.27-a0-760-gc38aae387d (webtiles) character file.

Game seed: 13783193930469157365

446 polve the Slasher (level 6, -5/49 HPs)
             Began as a Demonspawn Abyssal Knight on Mar 25, 2021.
             Was a Priest of Lugonu.
             Slain by an ogre
             ... wielding a +0 giant club
              (17 damage)
             ... on level 5 of the Dungeon.
             The game lasted 00:06:37 (5369 turns).

polve the Slasher (Demonspawn Abyssal Knight)       Turns: 5369, Time: 00:06:37

Health: -5/49      AC: 11    Str: 13    XL:     6   Next: 73%
Magic:  1/9        EV: 10    Int: 15    God:    Lugonu [***...]
Gold:   213        SH:  0    Dex: 12    Spells: 6/9 levels left

rFire    . . .     SeeInvis .   i - +0 dagger (venom)
rCold    . . .     Faith    +   (no shield)
rNeg     . . .     Spirit   .   f - +3 ring mail
rPois    .         Reflect  .   s - +0 hat
rElec    .         Harm     .   (no cloak)
rCorr    .         Rampage  .   (no gloves)
Will     .....                  h - +0 pair of boots
Stlth    +.........             b - amulet of faith
HPRegen  0.16/turn              (no ring)
MPRegen  0.11/turn              (no ring)

@: attractive, flying
A: rugged brown scales 2, powered by death 1, demonic magic 1
a: Renounce Religion, Depart the Abyss, Bend Space, Banish


You were on level 5 of the Dungeon.
You worshipped Lugonu.
Lugonu was most pleased with you.
You visited 1 branch of the dungeon, and saw 5 of its levels.
You visited the Abyss 1 time.

You collected 213 gold pieces.

Inventory:

Hand Weapons
 a - a +1 falchion
 i - a +0 dagger of venom (weapon)
Armour
 f - a +3 ring mail (worn)
 h - a +0 pair of boots (worn)
 k - a +0 robe
 s - a +0 hat (worn)
Jewellery
 b - an amulet of faith (around neck)
 p - an amulet of the acrobat
Scrolls
 c - a scroll of enchant armour {unknown}
 d - a scroll of torment {unknown}
 n - a scroll of identify {unknown}
 o - a scroll of enchant weapon {unknown}
 r - a scroll of random uselessness {unknown}
 t - a scroll of teleportation {unknown}
Potions
 e - 2 potions of attraction
 g - a potion of might
 j - 4 potions of flight
 l - 3 potions of brilliance {unknown}
 m - a potion of heal wounds {unknown}
 q - a potion of lignification {unknown}


   Skills:
 - Level 3.0 Fighting
 - Level 4.4 Long Blades
 - Level 1.7 Armour
 - Level 0.8 Dodging
 + Level 2.1 Spellcasting
 * Level 3.5 Conjurations
 + Level 2.1 Translocations
 - Level 2.4 Invocations


You had 6 spell levels left.
You knew the following spells:

 Your Spells              Type           Power      Damage    Failure   Level
a - Magic Dart            Conj           48%        1d5       11%         1
b - Blink                 Tloc           N/A        N/A       28%         2

Your spell library contained the following spells:

 Spells                   Type           Power      Damage    Failure   Level
 Call Imp                 Summ           1%         N/A       56%         2
 Slow                     Hex            1%         N/A       56%         2
 Conjure Flame            Conj/Fire      6%         6-21      56%         3
 Mephitic Cloud           Conj/Pois/Air  5%         N/A       65%         3


Dungeon Overview and Level Annotations

Branches:
Dungeon (5/15)             Temple (0/1) D:4

Altars:
Ru


Innate Abilities, Weirdness & Mutations

You are mostly covered in rugged brown scales. (AC +2, +5% HP)
You regenerate a little health from kills.
Spells you cast may paralyse adjacent enemies.


Message History

Casting: Magic Dart (safe; 11% risk of failure)
Confirm with . or Enter, or press ? or * to list all spells.
Aiming: Magic Dart (safe; 11% risk of failure)
Press: ? - help, Shift-Dir - straight line, f/p - ogre
Aim: an ogre, wielding a +0 giant club (moderately wounded, 0% to evade)
You miscast Magic Dart.
You are very lightly contaminated with residual magic.
Nothing appears to happen.
The ogre closely misses you.
You hit the ogre.
The ogre is heavily wounded.
The ogre barely misses you.
You hit the ogre but do no damage.
The ogre is heavily wounded.
The ogre hits you with a +0 giant club!!
There is a stone staircase leading up here.
Your magical contamination has completely faded away.
Casting: Magic Dart (safe; 11% risk of failure)
Confirm with . or Enter, or press ? or * to list all spells.
Aiming: Magic Dart (safe; 11% risk of failure)
Press: ? - help, Shift-Dir - straight line, f/p - ogre
Aim: an ogre, wielding a +0 giant club (heavily wounded, 0% to evade)
The magic dart hits the ogre but does no damage.
The ogre is heavily wounded.
Malevolent energies surge around you. The ogre hits you with a +0 giant club!
* * * LOW HITPOINT WARNING * * *
Casting: Magic Dart (safe; 11% risk of failure)
Confirm with . or Enter, or press ? or * to list all spells.
Aiming: Magic Dart (safe; 11% risk of failure)
Press: ? - help, Shift-Dir - straight line, f/p - ogre
Aim: an ogre, wielding a +0 giant club (heavily wounded, 0% to evade)
The magic dart hits the ogre.
The ogre is heavily wounded.
Malevolent energies surge around you. The ogre barely misses you.
It was a potion of flight.
You feel very buoyant.
You fly up into the air.
The ogre closely misses you.
It was a potion of attraction.
You feel attractive to monsters. The ogre hits you with a +0 giant club!
You die...

# ##.# ### #..# #
..###########.## ######## #####
#.........##..# #...)..#####....
###........#.## #......##.......
#...........# ##..............
#...........#####.........##....
#.......................#####...
#.............O@.......## #...
##.............<####...# ##..
##............## ##..# #..
##..........รท.# #.## ###
##...........## ###
##...........# ##..........##
##..........####
##...............


You could see an ogre.

Vanquished Creatures
  6 orc wizards
  13 gnolls
  8 adders
  2 adder skeletons
  A dart slug (D:2)
  11 orcs
  7 bats
  6 endoplasms
  2 giant cockroaches
  6 goblins
  6 hobgoblins
  6 jackals
  5 kobolds
  4 quokkas (D:3)
  5 ball pythons
  4 frilled lizards
  3 rats
95 creatures vanquished.

Notes
Turn   | Place    | Note
-------+----------+-------------------------------------------
     0 | Abyss:1  | polve the Demonspawn Abyssal Knight began the quest for the
                  | Orb.
     0 | Abyss:1  | Reached XP level 1. HP: 18/18 MP: 2/2
   293 | Abyss:1  | Found a corrupted altar of Lugonu.
   346 | Abyss:1  | Found a corrupted altar of Lugonu.
   405 | Abyss:1  | Noticed a tentacled starspawn
   406 | D:1      | Escaped the Abyss
   518 | D:1      | Reached skill level 2 in Long Blades
   659 | D:1      | Reached * piety under Lugonu
   660 | D:1      | Gained mutation: You are partially covered in rugged brown
                  | scales. (AC +1, +3% HP) [demonic ancestry]
   660 | D:1      | Reached XP level 2. HP: 18/24 MP: 3/3
   991 | D:1      | Reached skill level 3 in Long Blades
  1850 | D:2      | Gained mutation: You regenerate a little health from kills.
                  | [demonic ancestry]
  1850 | D:2      | Reached XP level 3. HP: 29/29 MP: 4/4
  2018 | D:2      | Reached skill level 4 in Long Blades
  2018 | D:2      | Gained mutation: You are mostly covered in rugged brown
                  | scales. (AC +2, +5% HP) [demonic ancestry]
  2018 | D:2      | Reached XP level 4. HP: 14/36 MP: 5/5
  2533 | D:2      | Reached ** piety under Lugonu
  2538 | D:2      | Learned a level 1 spell: Magic Dart
  2541 | D:2      | Learned a level 2 spell: Blink
  2842 | D:3      | Found a sacrificial altar of Ru.
  2856 | D:3      | Reached skill level 1 in Conjurations
  2856 | D:3      | Gained mutation: Spells you cast may paralyse adjacent
                  | enemies. [demonic ancestry]
  2856 | D:3      | Reached XP level 5. HP: 37/43 MP: 6/6
  3426 | D:3      | Reached skill level 1 in Spellcasting
  3426 | D:3      | Reached skill level 1 in Translocations
  4170 | D:4      | Reached XP level 6. HP: 49/49 MP: 8/8
  4284 | D:4      | Reached *** piety under Lugonu
  4392 | D:4      | Found a staircase to the Ecumenical Temple.
  5093 | D:5      | Entered Level 5 of the Dungeon
  5369 | D:5      | Slain by an ogre

Illustrated notes

Levels and vault maps discovered:
D:1:      onia_arrival_mini_maze, layout_loops_ring, roderic_lattice_a
D:2:      layout_basic, kennysheep_generic_room_9
D:3:      layout_loops_ring, nicolae_ru_great_annihilating_truth,
          nrook_mini_backslash
D:4:      layout_loops_cross, minmay_temple_entry_butterflies
D:5:      layout_cave_pods, grunt_temple_overflow_open, uniq_sigmund

Skill      XL: |  1  2  3  4  5  6 |
---------------+-------------------+-----
Long Blades    | 2 3 4 |  4.4
Conjurations   | 1 2 3 |  3.5
Spellcasting   | 1 2 |  2.1
Translocations | 1 2 |  2.1
Fighting       | |  3.0
Armour         | |  1.7
Dodging        | |  0.8
Invocations    | |  2.4

Action                   |  1- 3 |  4- 6 || total
-------------------------+-------+-------++-------
Melee: Falchion          |    60 |       ||    60
       Dagger            |    14 |   286 ||   300
 Cast: Magic Dart        |       |    24 ||    24
Invok: Depart the Abyss  |     1 |       ||     1
  Use: Potion            |     1 |     2 ||     3
 Stab: Paralysed         |       |     5 ||     5
Armor: Leather armour    |    13 |       ||    13
       Ring mail         |    26 |   135 ||   161
Dodge: Dodged            |    43 |   144 ||   187
       Rpst.: Falchion   |    10 |       ||    10

Table legend: (Time is in decaauts)
 A = Elapsed time spent in this place.
 B = Non-inter-level travel time spent in this place.
 C = Inter-level travel time spent in this place.
 D = Time resting spent in this place.
 E = Time spent auto-exploring this place.
 F = Levels seen in this place.
 G = Mean time per level.
                   A        B        C        D        E       F      G
               +--------+--------+--------+--------+--------+-----+--------+
         Total |   5340 |   5159 |    181 |      0 |   4384 |   6 |  890.0 |
       Dungeon |   4934 |   4753 |    181 |      0 |   3981 |   5 |  986.8 |
         Abyss |    406 |    406 |      0 |      0 |    403 |   1 |  406.0 |
               +--------+--------+--------+--------+--------+-----+--------+

Top non-repeatable levels by time:
     D:1: 1367 daAuts
     D:3: 1279 daAuts
     D:2: 1085 daAuts
     D:4: 930 daAuts
 Abyss:1: 406 daAuts
     D:5: 271 daAuts
